 Dungeon Crawl Stone Soup version 0.29-a0-356-g7bc237e783 (webtiles) character file.

Game seed: 12285937173242662063

125 jlumianski the Skirmisher (level 4, -5/35 HPs)
             Began as a Demonspawn Fighter on Apr 26, 2022.
             Slain by Grinder (7 damage)
             ... on level 3 of the Dungeon.
             The game lasted 00:10:32 (3043 turns).

jlumianski the Skirmisher (Demonspawn Fighter)      Turns: 3043, Time: 00:10:33

Health: -5/35      AC: 14    Str: 18    XL:     4   Next: 82%
Magic:  4/4        EV:  6    Int:  9    God:
Gold:   212        SH:  4    Dex: 13    Spells: 3/3 levels left

rFire   . . .      SeeInvis .   t - +0 long sword
rCold   . . .      Faith    .   c - +0 buckler
rNeg    . . .      Spirit   .   x - +0 chain mail
rPois   .          Reflect  .   e - +1 helmet
rElec   .          Harm     .   (no cloak)
rCorr   +          Rampage  .   (no gloves)
Will    .....                   m - +2 pair of boots
Stlth   ..........              (no amulet)
HPRegen 0.11/turn               h - ring of resist corrosion
MPRegen 0.09/turn               (no ring)

@: mighty
A: demonic magic 1, demonic touch 1
a: no special abilities


You were on level 3 of the Dungeon.
You visited 1 branch of the dungeon, and saw 3 of its levels.

You collected 212 gold pieces.

Inventory:

Hand Weapons
 a - a +0 rapier
 j - a +1 dagger of speed
 t - a +0 long sword (weapon)
Missiles
 g - 4 poisoned darts (quivered)
 l - 2 throwing nets
 s - 44 stones
 w - 2 boomerangs
Armour
 b - a +0 scale mail
 c - a +0 buckler (worn)
 e - a +1 helmet (worn)
 m - a +2 pair of boots (worn)
 x - a +0 chain mail (worn)
Jewellery
 h - a ring of resist corrosion (left hand)
 i - a ring of fire
Scrolls
 k - a scroll of noise {unknown}
 n - a scroll of enchant armour {unknown}
 p - a scroll of fear {unknown}
 q - a scroll of acquirement {unknown}
 r - 2 scrolls of enchant weapon {unknown}
 v - a scroll of amnesia {unknown}
Potions
 d - a potion of might
 f - a potion of lignification {unknown}
 o - a potion of heal wounds {unknown}
 u - 2 potions of flight {unknown}


   Skills:
 + Level 3.5 Fighting
 + Level 3.2 Short Blades
 + Level 3.4 Armour
 + Level 0.1 Dodging
 + Level 3.2 Shields


You had 3 spell levels left.
You didn't know any spells.
Your spell library was empty.

Dungeon Overview and Level Annotations

Branches:
Dungeon (3/15)

Altars:

Shops:
D:1 *(

Annotations:
D:3 Grinder


Innate Abilities, Weirdness & Mutations

Spells you cast may paralyse adjacent enemies.
Your touch may inflict minor irresistible damage on your foes.


Message History

The ball python constricts you. Grinder hits you.
You writhe in agony.
The ball python barely misses you. The ball python constricts you.
You barely miss Grinder. Grinder hits you but does no damage.
The ball python bites you but does no damage.
The ball python constricts you. Grinder barely misses you.
You hit Grinder but do no damage.
The ball python bites you but does no damage.
The ball python constricts you. You block Grinder's attack.
The ball python bites you but does no damage.
The ball python constricts you.
You barely miss Grinder.
The ball python bites you but does no damage.
The ball python constricts you.
Grinder blinks!
You feel very mighty all of a sudden.
The ball python bites you but does no damage.
The ball python constricts you. You block the ball python's attack.
The ball python constricts you.
You slash the ball python!
You kill the ball python!
Grinder hits you.
* * * LOW HITPOINT WARNING * * *
You slash Grinder!
Grinder is moderately wounded.
Grinder barely misses you.
You closely miss Grinder.
Grinder is moderately wounded.
Grinder hits you.
* * * LOW HITPOINT WARNING * * *
You writhe in agony.
* * * LOW HITPOINT WARNING * * *
You closely miss Grinder.
Grinder is moderately wounded.
Grinder gestures at you. Pain shoots through your body!
* * * LOW HITPOINT WARNING * * *
Grinder hits you but does no damage.
You barely miss Grinder.
Grinder is moderately wounded.
Grinder hits you!
You die...

..#.## .. #(...# .#
#..#.##.##
###.......####.
.....[.?.......
#####............
##...###..5.......
##.........@...#
#..⌠..##.#.†.....#
#........#.......#
##......###.......#
##.......###.........
##....†....##.........
#...........#.........
#...........#^........
#...........#


You could see Grinder.

Vanquished Creatures
  Robin (D:1)
  6 adders
  A worm (D:2)
  A dart slug (D:1)
  3 endoplasms (D:1)
  3 giant cockroaches
  14 goblins
  6 hobgoblins
  A quokka (D:2)
  5 ball pythons
  A bat (D:1)
  4 frilled lizards
  5 kobolds
  4 rats (D:1)
55 creatures vanquished.

Notes
Turn   | Place    | Note
-------+----------+-------------------------------------------
     0 | D:1      | jlumianski the Demonspawn Fighter began the quest for the
                  | Orb.
     0 | D:1      | Reached XP level 1. HP: 18/18 MP: 1/1
   213 | D:2      | Noticed Robin
   223 | D:1      | Killed Robin
   224 | D:1      | Gained mutation: Your touch may inflict minor irresistible
                  | damage on your foes. [demonic ancestry]
   224 | D:1      | Reached XP level 2. HP: 14/24 MP: 2/2
   439 | D:1      | Found Cem Limm's Weapon Emporium.
   743 | D:1      | Found Jeipuc's Assorted Antiques.
  1006 | D:1      | Gained mutation: Spells you cast may paralyse adjacent
                  | enemies. [demonic ancestry]
  1006 | D:1      | Reached XP level 3. HP: 29/29 MP: 3/3
  2084 | D:2      | Reached XP level 4. HP: 35/35 MP: 4/4
  3029 | D:3      | Noticed Grinder
  3043 | D:3      | Slain by Grinder

Illustrated notes

Levels and vault maps discovered:
D:1:      ncdulo_watergridlock, layout_rooms, serial_shops,
          nicolae_shop_bloodbath_and_beyond, shop_statue
D:2:      layout_loops_corners, uniq_robin
D:3:      layout_rooms, nicolae_overflow_hallway_of_the_gods,
          hangedman_feature_mirror, uniq_crazy_yiuf_cottage, uniq_grinder,
          uniq_jessica, uniq_terence

Skill      XL: |  1  2  3  4 |
---------------+-------------+-----
Short Blades   | 2 3 |  3.2
Shields        | 3 |  3.2
Armour         | 3 |  3.4
Fighting       | |  3.5
Dodging        | |  0.1

Action                   |  1- 3 |  4- 6 || total
-------------------------+-------+-------++-------
Melee: Rapier            |   118 |       ||   118
       Dagger            |    58 |    88 ||   146
       Long sword        |       |    28 ||    28
  Use: Scroll            |     2 |       ||     2
       Potion            |       |     1 ||     1
Armor: Scale mail        |   103 |    35 ||   138
       Chain mail        |       |    12 ||    12
Dodge: Dodged            |    70 |    39 ||   109
Block: Buckler           |    50 |    17 ||    67

Table legend: (Time is in decaauts)
 A = Elapsed time spent in this place.
 B = Non-inter-level travel time spent in this place.
 C = Inter-level travel time spent in this place.
 D = Time resting spent in this place.
 E = Time spent auto-exploring this place.
 F = Levels seen in this place.
 G = Mean time per level.
                   A        B        C        D        E       F      G
               +--------+--------+--------+--------+--------+-----+--------+
         Total |   3015 |   2993 |     22 |    449 |   1516 |   3 | 1005.0 |
       Dungeon |   3015 |   2993 |     22 |    449 |   1516 |   3 | 1005.0 |
               +--------+--------+--------+--------+--------+-----+--------+

Top non-repeatable levels by time:
     D:1: 1546 daAuts
     D:2: 1337 daAuts
     D:3: 131 daAuts
